cohdb
Replays
Latest Replays
All Replays
Popular Replays
Top Player Replays
Match Explorer
How It Works
Community
CoH3 Stats
Reddit
Sign in to upload your games and track your stats! →
Sign in with Steam
Match 43116061
Unlisted
Match 43116061
Overview
Messages
Build Orders
End
Panzergrenadier Squad
Panzergrenadier Squad
Selects Battlefield Espionage Battlegroup
Selects Sector Subterfuge Beacon
250 Light Carrier
Construct Light Support Kompanie
Selects Transfer Depots
Panzergrenadier Squad
Fire Support Elements
le.IG 18 Mechanized Group
Pak 38 Anti-tank Gun Team
Veteran Squad Leaders
Pak 38 Anti-tank Gun Team
Selects Firestorm
Construct Panzerarmee Kommand
Rapid Advance
MG34 Team
Armored Reserves
Panzer IV Assault Group
Firestorm
Vehicle Survival Package
Selects 250/3 Funkpanzerwagen
Selects Anti-Tank Incendiary Munitions
Selects Operation Skorpion
Panzer III L Medium Tank
Panzerpioneer Squad
Emergency Repair Kits
Panzer III L Medium Tank
Tungsten Core Ammunition
Firestorm
StuG Assault Group
LeVisir
Dark Angels
majintal excumuration
el campo
Ra11
DangerouslyDumb
Ooga Boogatti
aSIINiedi
0
0
Comments
sign in to comment!
No comments posted yet!